 Dungeon Crawl Stone Soup version 0.30-b1-2-g02819fbbbe (webtiles) character file.

Game seed: 7749636162281762730

21700 Borgoz the Fighter (level 12, -1/80 HPs)
             Began as a Gargoyle Berserker on June 16, 2023.
             Was a High Priest of Trog.
             Slain by Rupert
             ... wielding a +2 great sword of draining
              (16 damage)
             ... on level 14 of the Dungeon.
             The game lasted 00:32:07 (12813 turns).

Borgoz the Fighter (Gargoyle Berserker)            Turns: 12813, Time: 00:32:08

Health: -1/80      AC: 25    Str: 21    XL:     12   Next: 92%
Magic:  12/12      EV: 18    Int:  9    God:    Trog [*****.]
Gold:   935        SH:  0    Dex: 19    Spells: 11/11 levels left

rFire   . . .        a - +0 dire flail (heavy)
rCold   + . .        (shield currently unavailable)
rNeg    + . .        z - +1 chain mail {rC+}
rPois   ∞            (no helmet)
rElec   +            R - +2 cloak {rCorr}
rCorr   +            (no gloves)
SInv    .            (no boots)
Will    ++...        (no amulet) Stlth
                     o - +6 ring of dexterity
HPRegen 1.33/turn    D - +5 ring of evasion
MPRegen 0.13/turn

%: no passive effects
@: about to teleport, strong-willed, regenerating, invisible
A: sickness immunity, AC +8, negative energy resistance 1, electricity
resistance, torment resistance 1, petrification resistance
a: Renounce Religion, Berserk, Trog's Hand, Brothers in Arms


You were on level 14 of the Dungeon.
You worshipped Trog.
Trog was extremely pleased with you.
You visited 2 branches of the dungeon, and saw 14 of its levels.

You collected 1187 gold pieces.
You spent 252 gold pieces at shops.

Inventory:

Hand Weapons
 a - a +0 heavy dire flail (weapon)
 b - a +1 morningstar
Missiles
 s - 3 throwing nets
 H - 83 poisoned darts (quivered)
 O - 7 curare-tipped darts
Armour
 z - a +1 chain mail of cold resistance (worn)
 F - a +0 buckler
 G - a +2 leather armour of fire resistance
 R - a +2 cloak of preservation (worn)
Jewellery
 g - a ring of willpower
 o - a +6 ring of dexterity (left hand)
 D - a +5 ring of evasion (right hand)
 N - a ring of flight
Wands
 i - a wand of acid (6)
 k - a wand of iceblast (17)
 p - a wand of polymorph (17)
 A - a wand of flame (9)
 C - a wand of mindburst (8)
 I - a wand of paralysis (10)
Scrolls
 e - a scroll of poison {unknown}
 m - a scroll of identify
 q - 3 scrolls of teleportation
 t - 5 scrolls of blinking
 x - 3 scrolls of enchant armour {unknown}
 y - a scroll of noise {unknown}
 J - 2 scrolls of amnesia {unknown}
 L - a scroll of torment {unknown}
 M - 2 scrolls of enchant weapon {unknown}
 P - 2 scrolls of immolation {unknown}
Potions
 c - 7 potions of attraction
 d - 4 potions of mutation
 f - a potion of resistance
 h - 3 potions of curing
 j - 2 potions of flight
 l - 2 potions of might
 v - 5 potions of heal wounds
 w - a potion of cancellation
 B - a potion of invisibility


   Skills:
 + Level 11.7 Fighting
 + Level 10.8 Maces & Flails
 + Level 11.5 Armour
 + Level 8.9 Dodging
 + Level 6.1 Shields


You had 11 spell levels left.
You didn't know any spells.
Your spell library was empty.

Dungeon Overview and Level Annotations

Branches:
Dungeon (14/15) Temple (1/1) D:5 Lair (0/5) D:8 Vaults (0/5) D:13 D:14 Orc: D:9-12

Altars:
Ashenzari
Cheibriados
Dithmenos
Elyvilon
Fedhas
Gozag
Hepliaklqana
Kikubaaqudgha
Makhleb
Nemelex Xobeh
Okawaru
Qazlal
Ru
Sif Muna
Trog
Uskayaw
Vehumet
Wu Jian
Xom
Yredelemnul
Zin
The Shining One

Shops:
D:1 [   D:6 !

Annotations:
D:14 Rupert


Innate Abilities, Weirdness & Mutations

You are immune to sickness and miasma.
Your stone body is resilient. (AC +8)
You are immune to poison.
You resist negative energy. (rN+)
You are resistant to electric shocks. (rElec)
You are resistant to unholy torment.
You are immune to petrification.


Message History

Rupert roars wildly at you. You resist with almost no effort.
The human closely misses you. The human misses you.
The orc knight barely misses you.
You climb downwards.
There is a stone staircase leading up here.
Okay, then.
You feel much better.
The tengu warrior hits you but does no damage.
The tengu warrior pecks you but does no damage.
The tengu warrior claws you but does no damage.
The white ugly thing kicks you but does no damage.
The human hits you but does no damage.
The orc wizard gestures at you while chanting.
The puff of flame hits you!
* * * LOW HITPOINT WARNING * * *
Rupert yells loudly at you. You resist with almost no effort.
The human hits you but does no damage. The human hits you.
* * * LOW HITPOINT WARNING * * *
The orc knight barely misses you.
You fade into invisibility!
The tengu warrior hits you but does no damage.
The tengu warrior pecks you but does no damage.
The tengu warrior claws you but does no damage.
The white ugly thing closely misses you.
The orc knight completely misses you. The human closely misses you. x2
The human hits you.
* * * LOW HITPOINT WARNING * * *
Rupert hits you with a +2 great sword of draining.
* * * LOW HITPOINT WARNING * * *
The orc wizard barely misses you.
As you read the scroll of teleportation, it crumbles to dust.
You feel strangely unstable.
The tengu warrior hits you but does no damage.
The tengu warrior misses you. The tengu warrior closely misses you.
The white ugly thing completely misses you.
The human closely misses you. The orc wizard misses you. The human misses you.
The human closely misses you.
Rupert hits you with a +2 great sword of draining!
You die...

####..#####
#.........#
#.........#
#.........#
#.........#
#.........#
#.........#
#.....p@u.#
#.....p@o.+
#.....pQo.#
#######..##
..## ....
.....
......
......(.


You could see Rupert (unable to see you), an orc knight (unable to see you), a
white ugly thing (unable to see you), a tengu warrior (unable to see you), 3
humans and an orc wizard (strong, unable to see you).

Vanquished Creatures
  Harold (D:9)
  A centaur warrior (D:11)
  The ghost of Domino the Cleaver, a novice MiBe of Trog (D:10)
  2 two-headed ogres (D:9)
  A boulder beetle (D:10)
  Lodul (D:10)
  A sixfirhy (D:7)
  Pikel (D:6)
  A deep elf pyromancer (D:14)
  An ugly thing (D:9)
  A gargoyle (D:11)
  A rime drake (D:8)
  3 unseen horror zombies (D:8)
  5 kobold demonologists
  3 unseen horrors
  3 trolls
  2 polar bears
  A hornet (D:9)
  A vampire (D:10)
  Sigmund (D:2)
  12 yaks
  2 spriggans (D:10)
  A shadow (D:9)
  A wyvern (D:7)
  Eustachio (D:6)
  6 humans (D:14)
  4 vampire mosquitoes (D:11)
  2 steam dragons (D:9)
  2 acid dragons
  3 water moccasins
  6 ice beasts
  An orc warrior (D:9)
  A black bear (D:10)
  2 sky beasts (D:7)
  11 ogres
  3 wolves (D:8)
  3 centaurs
  A lemure (D:6)
  2 phantoms
  17 kobold brigands
  4 bullfrogs
  A wyvern zombie (D:8)
  3 scorpions
  11 wights
  7 killer bees
  4 howler monkeys
  3 electric eels
  2 vampire bats (D:11)
  A lava snake (D:7)
  3 centaur zombies (D:8)
  2 hounds
  A gnoll bouda (D:7)
  Crazy Yiuf (D:2)
  3 orc priests
  Jessica (D:3)
  Terence (D:3)
  2 iguanas
  3 orc wizards
  2 howler monkey zombies (D:8)
  3 gnolls (D:7)
  14 adders
  A shadow imp (D:5)
  3 white imps
  An ufetubus (D:7)
  4 worms
  A dart slug (D:4)
  20 orcs
  8 ball pythons
  6 endoplasms
  3 giant cockroaches
  5 hobgoblins
  2 jackals (D:2)
  35 kobolds
  3 quokkas
  11 bats
  7 frilled lizards
  7 goblins
  3 rats
  A spectral goblin (D:3)
306 creatures vanquished.

Vanquished Creatures (others)
  Maurice (D:9)
  A vampire (D:10)
  A white imp (D:6)
  An orc (D:13)
  A kobold (D:9)
  A fungus (D:10)
  24 plants
30 creatures vanquished.

Grand Total: 336 creatures vanquished

Notes
Turn   | Place    | Note
-------+----------+-------------------------------------------
     0 | D:1      | Borgoz the Gargoyle Berserker began the quest for the Orb.
     0 | D:1      | Reached XP level 1. HP: 14/14 MP: 1/1
   103 | D:1      | Found Kuuhueny's Antique Armour Shoppe.
   233 | D:1      | Reached XP level 2. HP: 19/19 MP: 2/2
   778 | D:2      | Reached XP level 3. HP: 11/23 MP: 3/3
  1113 | D:2      | Reached ** piety under Trog
  1260 | D:2      | Noticed Sigmund
  1270 | D:2      | Killed Sigmund
  1271 | D:2      | Reached XP level 4. HP: 24/30 MP: 4/4
  1271 | D:2      | Reached XP level 5. HP: 27/34 MP: 5/5
  1418 | D:2      | Reached XP level 6. HP: 23/39 MP: 6/6
  1718 | D:2      | Found a runed translucent door.
  1719 | D:2      | Noticed Crazy Yiuf
  1730 | D:2      | Killed Crazy Yiuf
  1865 | D:3      | Noticed Jessica
  1875 | D:3      | Killed Jessica
  1948 | D:3      | Noticed Terence
  1963 | D:3      | Killed Terence
  2028 | D:3      | Found a shimmering altar of Xom.
  2185 | D:3      | Found an opulent altar of Gozag.
  2341 | D:3      | Identified the +6 sling of Ufat {speed, rPois rCorr Str-5}
  2344 | D:3      | Identified the +2 leather armour "Mideolu" {Int+5}
  2363 | D:3      | Found a hazy altar of Hepliaklqana.
  2470 | D:4      | Reached skill level 5 in Fighting
  2470 | D:4      | Reached XP level 7. HP: 41/44 MP: 7/7
  2518 | D:4      | Found a blossoming altar of Fedhas.
  2631 | D:4      | Found an iron altar of Okawaru.
  2794 | D:4      | Found a white marble altar of Elyvilon.
  2794 | D:4      | Found a shadowy altar of Dithmenos.
  3156 | D:5      | Entered Level 5 of the Dungeon
  3246 | D:5      | Found a bloodstained altar of Trog.
  3255 | D:5      | Found a staircase to the Ecumenical Temple.
  3263 | D:5      | Reached skill level 5 in Maces & Flails
  3283 | D:5      | Found a transporter.
  3366 | D:5      | Found a transporter.
  3408 | D:5      | Reached skill level 5 in Armour
  3626 | D:5      | Found an ancient bone altar of Kikubaaqudgha.
  3686 | D:5      | Reached *** piety under Trog
  3687 | D:5      | Reached XP level 8. HP: 48/51 MP: 8/8
  3700 | D:5      | Found a stormy altar of Qazlal.
  4212 | Temple   | Entered the Ecumenical Temple
  4251 | D:6      | Found Cimemnak's Distillery.
  4422 | D:6      | Noticed Pikel
  4448 | D:6      | Killed Pikel
  4449 | D:6      | Reached XP level 9. HP: 23/57 MP: 9/9
  4619 | D:6      | Reached skill level 5 in Dodging
  5304 | D:6      | Noticed Eustachio
  5353 | D:6      | Killed Eustachio
  5524 | D:6      | Bought a potion of heal wounds for 60 gold pieces
  5524 | D:6      | Bought 2 potions of invisibility for 192 gold pieces
  5575 | D:7      | Found a sparkling altar of Nemelex Xobeh.
  6075 | D:7      | Found a runed translucent door.
  6077 | D:7      | Noticed a sixfirhy
  6089 | D:7      | Killed a sixfirhy
  6090 | D:7      | Reached XP level 10. HP: 64/64 MP: 10/10
  6125 | D:7      | Found a broken altar of Ashenzari.
  6526 | D:7      | Found a hide-covered altar of Uskayaw.
  7164 | D:8      | Reached **** piety under Trog
  7596 | D:8      | Found a basalt altar of Yredelemnul.
  7817 | D:8      | Found a staircase to the Lair.
  8002 | D:9      | Reached XP level 11. HP: 63/71 MP: 11/11
  8056 | D:9      | Noticed Harold
  8099 | D:9      | Noticed a two-headed ogre
  8115 | D:9      | Killed Harold
  8137 | D:9      | Killed a two-headed ogre
  8138 | D:9      | Reached skill level 10 in Fighting
  8642 | D:9      | Noticed Maurice
  8677 | D:9      | Reached skill level 1 in Shields
  8681 | D:9      | Killed Maurice
  9017 | D:9      | Reached skill level 10 in Armour
  9110 | D:9      | Reached ***** piety under Trog
  9169 | D:9      | Noticed a two-headed ogre
  9170 | D:9      | Noticed a cyan ugly thing
  9206 | D:9      | Killed a two-headed ogre
  9241 | D:9      | Killed a cyan ugly thing
  9359 | D:9      | Identified the +8 rapier of the Assorted Ghosts {flame,
                  | Fragile rElec rC+ Int+2}
  9473 | D:9      | Identified the +3 plate armour "Utidy" {Contam Rampage rN+}
  9689 | D:10     | Entered Level 10 of the Dungeon
  9753 | D:10     | Noticed Lodul
  9802 | D:10     | Killed Lodul
  9803 | D:10     | Reached XP level 12. HP: 69/79 MP: 12/12
  9815 | D:10     | Reached skill level 10 in Maces & Flails
  9850 | D:10     | Found a shimmering blue altar of Sif Muna.
  9902 | D:10     | Found a glowing golden altar of the Shining One.
  9923 | D:10     | Noticed a sun demon
 10508 | D:10     | Found a runed translucent door.
 10515 | D:10     | Identified the +5 spear "Dius" {distort, rPois Str-4 Int+3}
 10515 | D:10     | Noticed Domino's ghost (novice MiBe)
 10759 | D:10     | Noticed a boulder beetle
 10868 | D:10     | Killed a boulder beetle
 11530 | D:10     | Reached skill level 5 in Shields
 11736 | D:10     | Killed Domino's ghost
 12355 | D:11     | Noticed a centaur warrior
 12364 | D:11     | Killed a centaur warrior
 12649 | D:11     | You fall into a shaft and drop 3 floors!
 12763 | D:13     | Noticed a centaur warrior
 12763 | D:13     | Noticed Rupert
 12763 | D:13     | Noticed a centaur warrior
 12763 | D:13     | Noticed a tengu warrior
 12763 | D:13     | Noticed a centaur warrior
 12763 | D:13     | Noticed a two-headed ogre
 12763 | D:13     | Found a gate to the Vaults.
 12813 | D:14     | Slain by Rupert

Illustrated notes

Levels and vault maps discovered:
D:1:      spicycebolla_arrival_ecumenical, layout_loops_ring, serial_shops,
          nicolae_square_shop, serial_forest, infiniplex_forest_clump_curved,
          infiniplex_forest_zigzag_1, infiniplex_forest_lined_3,
          infiniplex_forest_lined_1, infiniplex_forest_clump_cross,
          infiniplex_forest_end_2, infiniplex_forest_pool,
          infiniplex_forest_end_1
D:2:      layout_basic, serial_bayou, serial_bayou_pond_a, serial_bayou_pond_a,
          serial_bayou_pond_e, serial_bayou_lagoon_a, serial_bayou_pond_e,
          minmay_close_crescents, uniq_crazy_yiuf_cottage, uniq_sigmund
D:3:      layout_rooms, nicolae_hepliaklqana_monster_ancestors,
          mainiacjoe_overflow_concentric_impassable, xom_teletrap_fun,
          kennysheep_generic_room_16, uniq_terence, uniq_jessica
D:4:      layout_loops_ring, fedhas_altar_2, mainiacjoe_overflow_brackets,
          gammafunk_temple_overflow_statue, serial_forest,
          infiniplex_forest_clump_small, infiniplex_forest_lined_4_way,
          infiniplex_forest_clump_C, infiniplex_forest_lined_room_3,
          infiniplex_forest_clump_cross, infiniplex_forest_straight_3,
          guppyfry_early_lair_pool
D:5:      gammafunk_steamed_eel, layout_rooms, nicolae_qazlal_eye_of_the_storm,
          kennysheep_mini, kiku_gazebo_pond_becter, minmay_temple_entry_grid,
          serial_rivers, chequers_serial_rivers_room_b,
          chequers_serial_rivers_micro_d, chequers_serial_rivers_large_a,
          chequers_serial_rivers_micro_e, chequers_serial_rivers_room_a
D:6:      layout_cave_pods, nicolae_wooded_promenade, kennysheep_generic_room_4,
          uniq_eustachio, uniq_pikel
D:7:      cheibrodos_shockbox, layout_basic, nemelex_diamond_rough_becter,
          cheibrodos_ashenzari_chains, nicolae_uskayaw_suspiria, dk_vineyard_3,
          minmay_misc_feat_roman
D:8:      layout_cave_pools, nicolae_yredelemnul_corpse_copse,
          hellmonk_lair_entry_icy
D:9:      layout_loops_ring, special_room [special_room_kobold],
          grunt_potential, uniq_harold, uniq_maurice
D:10:     layout_loops_ring, mainiacjoe_overflow_large_starburst,
          ebering_ghost_funeral_grove, small_chamber_with_monster, uniq_lodul
D:11:     layout_cave_pools, roderic_batcave
D:13:     layout_roguey, david_vaults_3, gammafunk_ghost_smash,
          portal_ice_cave_rime, uniq_snorg
D:14:     layout_roguey, minmay_splitting_lines
Temple:   hellmonk_temple_micro_hex

Skill      XL: |  1  2  3  4  5  6  7  8  9 10 11 12 |
---------------+-------------------------------------+-----
Dodging        | 2 3 4 5 7 8 |  8.9
Fighting       | 4 5 7 8 9 10 11 | 11.7
Maces & Flails | 4 5 6 7 8 9 10 | 10.8
Armour         | 3 4 5 6 7 9 10 11 | 11.5
Shields        | 3 6 |  6.1

Action                     |  1- 3 |  4- 6 |  7- 9 | 10-12 || total
---------------------------+-------+-------+-------+-------++-------
  Melee: Mace              |   131 |   114 |   384 |  1211 ||  1840
         Punch             |       |       |     4 |       ||     4
         Dire flail        |       |       |       |   126 ||   126
         Morningstar       |       |       |       |    44 ||    44
 Invoke: Berserk           |     2 |     1 |     3 |    13 ||    19
         Trog's Hand       |     1 |       |       |     9 ||    10
    Use: Scroll            |       |     6 |     4 |    10 ||    20
         Potion            |       |       |     1 |    11 ||    12
   Stab: Sleeping          |     1 |       |     2 |     2 ||     5
         Invisible         |       |       |       |    12 ||    12
 Armour: Animal skin       |    65 |    48 |       |       ||   113
         Leather armour    |       |    11 |   236 |   178 ||   425
         Chain mail        |       |       |       |   559 ||   559
  Dodge: Dodged            |   115 |    89 |   558 |  1490 ||  2252
  Block: Buckler           |       |       |    64 |   320 ||   384
